 Dungeon Crawl Stone Soup version 0.31-a0-626-g8143ab4f1d (webtiles) character file.

Game seed: 13726939924843697794

4711 Joey1 the Spear-Bearer (level 10, -5/102 HPs)
             Began as a Troll Shapeshifter on Aug 24, 2023.
             Slain by a shadow (29 damage)
             ... on level 8 of the Dungeon.
             The game lasted 00:19:46 (6545 turns).

Joey1 the Spear-Bearer (Troll Shapeshifter)         Turns: 6545, Time: 00:19:47

Health: -5/102     AC:  7    Str: 30    XL:     10   Next: 22%
Magic:  9/9        EV: 10    Int:  6    God:
Gold:   416        SH:  5    Dex: 10    Spells: 9/9 levels left

rFire   . . .        n - +10 spear of Cuphach {venom, Str+3}
rCold   . . .        (no shield)
rNeg    + . .        C - +0 steam dragon scales
rPois   .            (helmet currently unavailable)
rElec   .            (cloak currently unavailable)
rCorr   .            (gloves unavailable)
SInv    .            (boots unavailable)
Will    .....        z - amulet of reflection
Stlth   +            w - ring of positive energy
HPRegen 1.17/turn    (no ring)
MPRegen 0.11/turn

%: reflection
@: beast-form
A: beast (slay +4), large, unfitting armour, claws 3, regeneration 1, shaggy fur
1, tough skin 1
a: Begin Untransformation


You were on level 8 of the Dungeon.
You were a hulking beast.
You visited 2 branches of the dungeon, and saw 10 of its levels.

You collected 416 gold pieces.

Inventory:

Hand Weapons
 n - the +10 spear of Cuphach (weapon) {venom, Str+3}
   (You found it on level 2 of the Dungeon)

   Str+3:     It affects your strength (+3).
Armour
 a - a +0 animal skin
 r - a +0 cloak
 C - +0 steam dragon scales (worn)
Jewellery
 w - a ring of positive energy (left claw)
 z - an amulet of reflection (around neck)
Talismans
 c - a beast talisman (active)
 d - a flux talisman
Wands
 t - a wand of flame (33)
 y - a wand of paralysis (7)
 B - a wand of acid (5)
Scrolls
 h - 5 scrolls of teleportation
 m - 2 scrolls of brand weapon {unknown}
 o - a scroll of blinking {unknown}
 q - a scroll of fear {unknown}
 s - a scroll of immolation {unknown}
 A - a scroll of revelation {unknown}
Potions
 b - 3 potions of lignification
 e - 2 potions of mutation
 f - a potion of ambrosia {unknown}
 g - 4 potions of degeneration
 i - 3 potions of heal wounds
 j - a potion of might {unknown}
 k - 4 potions of curing {unknown}
 l - a potion of berserk rage {unknown}
 p - 2 potions of haste {unknown}
 u - a potion of enlightenment {unknown}
 v - a potion of resistance {unknown}
 x - a potion of brilliance {unknown}


   Skills:
 - Level 7.0 Fighting
 + Level 8.5 Polearms
 - Level 2.0 Dodging
 - Level 3.7 Unarmed Combat
 - Level 7.0 Shapeshifting


You had 9 spell levels left.
You didn't know any spells.
Your spell library contained the following spells:

 Spells                   Type           Power      Damage    Failure   Level
 Slow                     Hex            0%         N/A       45%         1
 Sublimation of Blood     Necr           0%         N/A       58%         2
 Confusing Touch          Hex            0%         N/A       83%         3
 Vampiric Draining        Necr           0%         2d6       83%         3
 Vhi's Electric Charge    Tloc/Air       0%         N/A       83%         3
 Petrify                  Tmut/Erth      0%         N/A       99%         4
 Arcjolt                  Conj/Air       0%         1d10      100%        5
 Irradiate                Conj/Tmut      0%         3d11      100%        5
 Plasma Beam              Fire/Air       0%         2x1d10    100%        6


Dungeon Overview and Level Annotations

Branches:
Dungeon (9/15)             Temple (1/1) D:7            Lair (0/5) D:8
    Orc: D:9-12

Altars:
Cheibriados
Dithmenos
Elyvilon
Fedhas
Gozag
Hepliaklqana
Kikubaaqudgha
Makhleb
Nemelex Xobeh
Okawaru
Qazlal
Ru
Sif Muna
Trog
Uskayaw
Vehumet
Wu Jian
Xom
Yredelemnul
The Shining One

Shops:
D:1 *


Innate Abilities, Weirdness & Mutations

You are a hulking beast.
Your limbs bulge with bestial killing power. (Slay +4)
You are too large for most types of armour.
You have claws for hands.
Your natural rate of healing is unusually fast.
You are covered in fur. (AC +1)
You have tough skin. (AC +1)


Message History

You block the troll zombie's attack. The phantom attacks as it pursues you!
The phantom hits you but does no damage.
The troll zombie attacks as it pursues you!
The troll zombie bites you! The troll zombie claws you! x2
The orc priest calls down the wrath of Beogh upon you.
Beogh smites you!
The troll zombie attacks as it pursues you!
The troll zombie closely misses you. You block the troll zombie's attack.
The troll zombie claws you. The phantom barely misses you.
The phantom attacks as it pursues you! You block the phantom's attack.
The phantom attacks as it pursues you!
The phantom hits you but does no damage.
The phantom attacks as it pursues you! The phantom hits you.
The phantom blinks!
You blink.
The phantom attacks as it pursues you!
The phantom hits you but does no damage.
You block the troll zombie's attack. The troll zombie claws you.
The troll zombie claws you but does no damage.
The phantom attacks as it pursues you! You block the phantom's attack.
The troll zombie barely misses you. The troll zombie claws you!
The troll zombie claws you.
The shadow strikes at you from the darkness!
* * * LOW HITPOINT WARNING * * *
Reactivating autopickup.
The shadow barely misses you.
There is an open door here.
There is a stone staircase leading up here.
The shadow barely misses you.
You climb upwards.
There is a stone staircase leading down here.
You puncture the shadow!
The shadow is severely damaged.
The shadow slips into darkness.
The shadow flickers and vanishes!
Deactivating autopickup; reactivate with Ctrl-A.
You hit something.
The shadow strikes at you from the darkness!
You die...

#..≈≈...≈≈..........
#..≈.....≈.##.......
#....≈.≈...#........
#...≈≈.≈≈..#........
#...........))......
##.......#..........
##...#..####.....#...
#....)..##.....###...
##..h{####..#....#...
##...####..#........
##...#....#.......#
##...........##.##
#....#....#...#..#
##....#....##......
##....#.............
#.....#........>....
##....#.............


There were no monsters in sight!

Vanquished Creatures
  A two-headed ogre (D:8)
  Pikel (D:6)
  A cyclops (D:8)
  Maggie (D:7)
  2 hornets
  Sigmund (D:5)
  Menkaure (D:7)
  An ice beast (D:5)
  4 ogres
  A sky beast (D:6)
  A centaur (D:6)
  2 lemures (D:6)
  4 phantoms
  A kobold brigand (D:6)
  2 bullfrogs
  5 scorpions
  A troll zombie (D:9)
  A howler monkey (D:9)
  4 hounds
  2 orc priests (D:8)
  2 gnoll boudas (D:7)
  A jelly (D:7)
  2 sleepcaps
  6 iguanas
  3 orc wizards
  An ogre zombie (D:9)
  7 gnolls (D:7)
  10 adders
  A shadow imp (D:5)
  6 white imps
  3 ufetubi
  A worm (D:4)
  4 dart slugs
  13 orcs
  2 bats
  7 endoplasms
  5 giant cockroaches
  15 goblins
  11 hobgoblins
  7 jackals
  5 quokkas
  4 ball pythons
  2 frilled lizards
  A goblin zombie (D:9)
  8 kobolds
  An orc skeleton (D:9)
  3 orc zombies (D:9)
  6 rats
174 creatures vanquished.

Notes
Turn   | Place    | Note
-------+----------+-------------------------------------------
     0 | D:1      | Joey1 the Troll Shapeshifter began the quest for the Orb.
     0 | D:1      | Reached XP level 1. HP: 18/18 MP: 0/0
   118 | D:1      | Reached skill level 1 in Fighting
   141 | D:1      | Reached XP level 2. HP: 27/27 MP: 1/1
   678 | D:1      | Found Kuiddeib's General Store.
   880 | D:2      | Reached XP level 3. HP: 33/33 MP: 2/2
  1136 | D:2      | Identified the +10 spear of Cuphach {venom, Str+3}
  1281 | D:2      | Reached XP level 4. HP: 38/42 MP: 3/3
  1512 | D:3      | Found a faded altar of an unknown god.
  1959 | D:3      | Noticed a phantom
  1967 | D:3      | Killed a phantom
  1968 | D:3      | Reached skill level 1 in Polearms
  1968 | D:3      | Reached XP level 5. HP: 46/49 MP: 4/4
  2423 | D:4      | Reached skill level 2 in Polearms
  2587 | D:4      | Found a large runed translucent door.
  2588 | D:4      | Found a large runed translucent door.
  2633 | D:4      | Reached XP level 6. HP: 57/57 MP: 5/5
  3212 | D:4      | Found a bloodstained altar of Trog.
  3215 | D:4      | Found a radiant altar of Vehumet.
  3260 | D:5      | Entered Level 5 of the Dungeon
  3265 | D:5      | Noticed Sigmund
  3269 | D:5      | Killed Sigmund
  3270 | D:5      | Reached skill level 3 in Polearms
  3270 | D:5      | Reached skill level 5 in Shapeshifting
  3270 | D:5      | Reached XP level 7. HP: 58/65 MP: 6/6
  3297 | D:5      | Reached skill level 4 in Polearms
  3432 | D:5      | Found a blossoming altar of Fedhas.
  3543 | D:5      | Found a shadowy altar of Dithmenos.
  3590 | D:5      | Reached XP level 8. HP: 75/75 MP: 7/7
  4076 | D:6      | Noticed Pikel
  4087 | D:6      | Killed Pikel
  4088 | D:6      | Reached skill level 5 in Polearms
  4701 | D:6      | Found an iron altar of Okawaru.
  4716 | D:6      | Reached XP level 9. HP: 48/85 MP: 8/8
  4721 | D:6      | Reached skill level 6 in Polearms
  5002 | D:7      | Reached skill level 5 in Fighting
  5174 | D:7      | Noticed Menkaure
  5177 | D:7      | Killed Menkaure
  5218 | D:7      | Noticed Maggie
  5229 | D:7      | Killed Maggie
  5364 | D:7      | Found a staircase to the Ecumenical Temple.
  5793 | Temple   | Entered the Ecumenical Temple
  5895 | D:8      | Found a staircase to the Lair.
  5904 | D:8      | Found an ancient bone altar of Kikubaaqudgha.
  5929 | D:8      | Noticed a two-headed ogre
  5941 | D:8      | Killed a two-headed ogre
  5942 | D:8      | Reached skill level 7 in Polearms
  5942 | D:8      | Reached XP level 10. HP: 25/102 MP: 9/9
  6088 | D:8      | Reached skill level 8 in Polearms
  6140 | D:8      | Noticed a cyclops
  6153 | D:8      | Killed a cyclops
  6352 | D:8      | Found a snail-covered altar of Cheibriados.
  6545 | D:8      | Slain by a shadow

Illustrated notes

Levels and vault maps discovered:
D:1:      erik_arrival_cave_to_civilisation [erik_arrival_cave_to_hall],
          layout_basic, serial_shops, nicolae_shop_just_a_little_nook,
          minmay_split_cup_large
D:2:      layout_loops_ring
D:3:      minmay_angry_zag, layout_loops_corners,
          shapermc_ecumenical_altar_starsandcircs
D:4:      layout_loops_corners, jmf_multi_god_temple2, serial_demonic,
          serial_demonic_c, serial_demonic_g, serial_demonic_c,
          serial_demonic_b, minmay_fractal_squares_5
D:5:      layout_basic, nicolae_dithmenos_the_darkroom, fedhas_altar_2,
          uniq_sigmund
D:6:      layout_basic, okawaru_gym_becter, uniq_pikel
D:7:      layout_loops_ring, minmay_temple_entry_wispy, uniq_menkaure,
          uniq_maggie
D:8:      layout_cave_pools, lemuel_round_altar,
          mainiacjoe_overflow_small_starburst, lair_entry_dummy
D:9:      layout_irregular_city, zombieorc2_lemuel, grunt_decor_arrowhead,
          minivault_1, serial_bayou_pond_e
Temple:   compressed_dpeg_triangle_lava_temple

Skill      XL: |  1  2  3  4  5  6  7  8  9 10 |
---------------+-------------------------------+-----
Fighting       | 1 2 3 4 7 |  7.0
Dodging        | 2 |  2.0
Polearms       | 1 2 3 4 5 7 8 |  8.5
Shapeshifting  | 4 5 6 7 |  7.0
Unarmed Combat | |  3.7

Action                     |  1- 3 |  4- 6 |  7- 9 | 10-12 || total
---------------------------+-------+-------+-------+-------++-------
  Melee: Unarmed           |    80 |    46 |       |       ||   126
         Spear             |       |    81 |   174 |    45 ||   300
         Punch             |       |     1 |     6 |       ||     7
    Use: Scroll            |       |       |     4 |       ||     4
   Stab: Sleeping          |     1 |     2 |       |       ||     3
 Armour: Animal skin       |    18 |    35 |    19 |       ||    72
         Steam dragon scal |       |       |     1 |    16 ||    17
  Dodge: Dodged            |    37 |    43 |    48 |    29 ||   157
  Block: Other             |       |       |     1 |     9 ||    10

Table legend: (Time is in decaauts)
 A = Elapsed time spent in this place.
 B = Non-inter-level travel time spent in this place.
 C = Inter-level travel time spent in this place.
 D = Time resting spent in this place.
 E = Time spent auto-exploring this place.
 F = Levels seen in this place.
 G = Mean time per level.
                   A        B        C        D        E       F      G
               +--------+--------+--------+--------+--------+-----+--------+
         Total |   6492 |   6159 |    333 |    162 |   5017 |  10 |  649.2 |
       Dungeon |   6456 |   6123 |    333 |    162 |   5017 |   9 |  717.3 |
        Temple |     35 |     35 |      0 |      0 |      0 |   1 |   35.0 |
               +--------+--------+--------+--------+--------+-----+--------+

Top non-repeatable levels by time:
     D:4: 939 daAuts
     D:6: 931 daAuts
     D:1: 872 daAuts
     D:7: 854 daAuts
     D:3: 820 daAuts
     D:5: 787 daAuts
     D:2: 617 daAuts
     D:8: 552 daAuts
     D:9: 80 daAuts
  Temple: 35 daAuts
